 Dungeon Crawl Stone Soup version 0.14.1-21-g36cd379 (webtiles) character file.

71717 Iskender the Scorcher (level 14, -1/49 HPs)
             Began as a Felid Chaos Knight on June 6, 2014.
             Was the Champion of Vehumet.
             Slain by a jumping spider (20 damage)
             ... on Level 3 of the Spider Nest on June 7, 2014.
             The game lasted 07:17:39 (35370 turns).

Iskender the Scorcher (Felid Chaos Knight)         Turns: 35370, Time: 07:17:39

HP  -1/49        AC  3     Str  8      XL: 14   Next: 95%
MP   9/33        EV 16     Int 19      God: Vehumet [******]
Gold 955         SH  0     Dex 19      Spells: 11 memorised,  4 levels left
Lives: 0, deaths: 2

rFire  . . .     SeeInvis +       - Unarmed
rCold  + . .     Clarity  .     (armour unavailable)
rNeg   + . .     Conserve .     (shield unavailable)
rPois  +         rCorr    .     (helmet unavailable)
rElec  .         rRot     .     (cloak unavailable)
SustAb . .       Spirit   .     (gloves unavailable)
rMut   .         Warding  +     (boots unavailable)
Saprov . . .     Stasis   .     A - amulet of warding
MR     ++...                    E - +4 ring of dexterity
                                r - ring of regeneration

@: repel missiles, held, quick, very resistant to hostile enchantments,
extremely stealthy
A: paw claws, no armour, no weapons or thrown items, fangs 3, see invisible,
carnivore 3, clumsy 1, deformed body, speed 1, frail 1, poison resistance,
shaggy fur 3, slow metabolism 1, jump 3
a: Jump Attack, Renounce Religion


You were on level 3 of the Spider Nest.
You worshipped Vehumet.
Vehumet was exalted by your worship.
You were not hungry.

You visited 6 branches of the dungeon, and saw 33 of its levels.
You visited 1 bazaar.
You also visited: Labyrinth, Ossuary and Bailey.

You collected 2946 gold pieces.
You spent 1991 gold pieces at shops.

Inventory:

Magical devices
 b - a wand of disintegration (12)
 c - a wand of digging (10)
 j - a wand of hasting (3)
 m - a wand of paralysis (8)
 s - a wand of paralysis (14)
 t - a wand of confusion (5)
 v - a wand of cold (5)
 C - a wand of teleportation (1) {unknown}
 N - a wand of confusion (7)
Comestibles
 l - 5 honeycombs
 z - a cheese
Scrolls
 d - a scroll of vulnerability
 f - 2 scrolls of blinking
 g - 8 scrolls of remove curse
 n - 5 scrolls of teleportation
 q - 2 scrolls of immolation
 w - a scroll of recharging
 F - a scroll of identify
 G - 2 scrolls of fog
 L - a scroll of torment
Jewellery
 a - an uncursed ring of sustain abilities
 e - an uncursed ring of teleportation
 i - an uncursed ring of poison resistance
 k - an uncursed ring of protection from fire
 r - a ring of regeneration (left paw)
 u - the ring "Pluez" {+Fly SInv Stlth}
   (You acquired it on level 2 of the Lair of Beasts)

   [ring of flight]

   It enhances your eyesight.
   It makes you more stealthy.
 A - an amulet of warding (around neck)
 D - an uncursed ring of ice
 E - a +4 ring of dexterity (right paw)
 K - an uncursed ring of positive energy
 M - an uncursed amulet of clarity
Potions
 o - 7 potions of curing
 p - 4 potions of brilliance
 x - a potion of agility
 B - a potion of flight
 O - a potion of might
Books
 h - a book of Clouds

   Spells                             Type                      Level
   *Mephitic Cloud                    Conjuration/Poison/Air       3
   *Conjure Flame                     Conjuration/Fire             3
   Poisonous Cloud                    Conjuration/Poison/Air       6
   Freezing Cloud                     Conjuration/Ice/Air          6
   Ring of Flames                     Charms/Fire                  7
 y - a book of the Warp

   Spells                             Type                      Level
   Control Teleport                   Charms/Translocation         4
   Phase Shift                        Translocation                5
   Warp Weapon                        Charms/Translocation         5
   Summon Forest                      Summoning/Translocation      5
   Dispersal                          Translocation                6
   Controlled Blink                   Translocation                7
   Disjunction                        Translocation                8
Miscellaneous
 R - a stone of tremors (inert)


   Skills:
 - Level 3.0 Fighting
 - Level 13.5 Dodging
 - Level 9.1 Stealth
 - Level 9.2 Unarmed Combat
 + Level 9.3 Spellcasting
 - Level 15.0 Conjurations
 - Level 3.6 Charms
   Level 2.2 Necromancy
 - Level 5.3 Translocations
 - Level 15.1 Fire Magic
 - Level 1.2 Ice Magic
 - Level 1.0 Air Magic


You had 4 spell levels left.
You knew the following spells:

 Your Spells              Type           Power        Failure   Level  Hunger
a - Conjure Flame         Conj/Fire      ######..     1%          3    None
b - Blink                 Tloc           N/A          1%          2    None
c - Sticky Flame          Conj/Fire      ######..     1%          4    ###....
d - Repel Missiles        Chrm/Air       ###...       6%          2    None
e - Mephitic Cloud        Conj/Pois/Air  ####....     1%          3    None
f - Apportation           Tloc           ####......   1%          1    None
x - Bolt of Fire          Conj/Fire      ######....   1%          6    ######.
z - Searing Ray           Conj           ######       1%          2    None
A - Shroud of Golubria    Chrm/Tloc      ####......   1%          2    None
B - Freeze                Ice            ##..         1%          1    None
R - Summon Butterflies    Summ           #.......     10%         1    None


Dungeon Overview and Level Annotations

Branches:
Dungeon (15/15)            Temple (1/1) D:7             Orc (4/4) D:11
    Elf (0/3) Orc:3          Lair (8/8) D:10         Shoals (2/5) Lair:4
 Spider (3/5) Lair:6        Slime (0/6) Lair:6       Vaults (0/5) D:13
 Depths (0/5) D:15

Altars:
Cheibriados
Dithmenos
Elyvilon
Fedhas
Kikubaaqudgha
Nemelex Xobeh
Okawaru
Sif Muna
Trog
Vehumet
Xom
Yredelemnul
Zin
The Shining One

Shops:
D:9 }   Orc:2 [   Orc:4 %*}:%


Innate Abilities, Weirdness & Mutations

You cannot wear armour.
You are incapable of wielding weapons or throwing items.
Your paws have sharp claws.
You have razor-sharp teeth.
You have supernaturally acute eyesight.
You are carnivorous and can eat meat at any time.
You cover ground quickly.
Your thick and shaggy fur keeps you warm (AC +3, rC+).
You have a slow metabolism.
You can jump attack at a long distance.
You are clumsy. (Dex -2)
Your body is misshapen.
You are frail (-10% HP).
Your system is resistant to poisons.


Message History

Casting: Bolt of Fire
Confirm with . or Enter, or press ? or * to list all spells.
Aiming: Sticky Flame
Press: ? - help, Shift-Dir - straight line, f/p - jumping spider
Aim: a jumping spider The sticky flame hits the jumping spider.
The jumping spider is lightly wounded.
The jumping spider is covered in liquid flames!
The jumping spider burns!
The jumping spider pounces on you!
You are caught in a web!
The jumping spider bites you but does no damage.
You struggle to detach yourself from the web.
The jumping spider burns!
The jumping spider completely misses you.
The jumping spider bites you but does no damage.
The jumping spider pounces on you!
You are even more entangled.
The jumping spider bites you but does no damage.
You struggle to detach yourself from the web.
The jumping spider burns!
The jumping spider pounces on you!
You die...

.....##.....# ............#
.......^..%..##
s.....#.......#
.............##
.............##
......§......## ##
..............###.####
......#.^s@....^.....#
..........§s........## ##
.###...............######.
##...#.^.........#..#..
#####≈≈≈≈#........#.#..#.#
##≈≈≈≈≈≈≈≈........#..^.##.#
#≈#≈####≈..^...........^#.#
##≈≈≈###≈...............##.#
###≈≈≈≈≈#≈...............###.#


You could see a jumping spider (burning) and a spider.

Vanquished Creatures
  An emperor scorpion (Spider:3)
  A dire elephant (D:15)
  Snorg (Orc:4)
  A yaktaur captain (D:13)
  A minotaur (Lab)
  Josephine (D:14)
  A siren (Shoals:1)
  10 hydras
  6 merfolk aquamancers (Shoals:1)
  5 ogre magi
  A catoblepas (Lair:7)
  6 centaur warriors
  A death yak (Lair:7)
  The ghost of bernadottes the Ruffian, an experienced TrCK of Xom (Bailey)
  7 orb spiders
  3 unseen horrors
  5 large abominations (D:11)
  Pikel (D:5)
  6 hill giants
  A wizard (D:11)
  3 griffons
  A water nymph (Shoals:1)
  A manticore (shapeshifter) (D:15)
  12 wolf spiders
  Nergalle (Lair:4)
  A red wasp (Spider:3)
  An orc sorcerer (Orc:4)
  A cyclops (D:13)
  3 manticores
  A salamander (D:15)
  16 elephants
  2 drowned souls (Shoals:1)
  3 gargoyles
  An item mimic (D:14)
  28 spiny frogs
  3 black mambas
  An efreet (D:15)
  5 kobold demonologists
  2 centaur zombies
  4 fire drakes
  2 yaktaurs (D:13)
  A hydra zombie (D:11)
  5 merfolk
  A baby alligator (shapeshifter) (D:14)
  A blue devil (Orc:4)
  7 komodo dragons
  9 jumping spiders
  A wind drake (Shoals:1)
  8 trolls
  3 giant leeches (Lair:8)
  7 demonic crawlers
  Prince Ribbit (D:4)
  A raven (shapeshifter) (D:15)
  19 two-headed ogres
  22 blink frogs
  6 trapdoor spiders
  A basilisk (shapeshifter) (D:15)
  6 slime creatures
  A wraith (D:15)
  A polar bear (Lair:5)
  A water elemental (Shoals:1)
  16 redbacks
  5 hill giant zombies
  2 snapping turtles
  29 ugly things
  A vampire (D:15)
  3 elephant slugs
  8 tarantellas
  A deep elf mage (D:11)
  66 yaks
  2 vampire mosquitoes (Lair:8)
  4 hungry ghosts
  2 shadows
  9 wolves
  3 hill giant skeletons
  A necrophage (D:10)
  A redback simulacrum (D:14)
  2 tengu zombies (D:14)
  2 wargs
  Edmund (D:8)
  9 hippogriffs
  An ice beast (D:5)
  6 small abominations (D:11)
  7 water moccasins
  An ogre skeleton (D:14)
  3 black bears
  5 sky beasts
  15 spiders
  16 orc warriors
  39 ogres
  A slave (D:6)
  8 porcupines
  2 phantoms
  8 giant goldfish
  3 yellow wasps
  9 crocodiles
  12 centaurs
  7 big kobolds
  8 sharks
  30 giant frogs
  An elf zombie (Ossuary)
  12 giant slugs
  A cyclops zombie (D:10)
  A troll zombie (D:11)
  2 eyes of draining
  A yak zombie (D:8)
  6 scorpions
  A hippogriff zombie (D:9)
  7 killer bees
  A hippogriff skeleton (D:6)
  A yak skeleton (D:7)
  7 electric eels
  4 wights (D:15)
  2 two-headed ogre zombies (Orc:4)
  8 crimson imps
  3 human zombies (Ossuary)
  A giant frog zombie (D:12)
  7 jellies
  6 goliath beetles
  22 orc priests
  10 hounds
  2 big fish (Lair:8)
  A giant frog skeleton (D:7)
  An iron imp (Lair:3)
  2 centaur skeletons (D:9)
  18 orc wizards
  Natasha (thrice) (D:4)
  9 iguanas
  13 worker ants
  2 quasits
  32 sheep
  2 big kobold zombies (Ossuary)
  2 ogre zombies (Orc:4)
  A mottled dragon skeleton (D:14)
  A hound zombie (D:8)
  A hound skeleton (D:11)
  3 mummies
  6 gnolls
  25 adders
  67 green rats
  An orc skeleton (D:5)
  A worm zombie (D:4)
  3 shadow imps
  5 giant mites
  6 worms
  4 ufetubi
  A giant eyeball (D:14)
  8 giant geckos
  An ooze (D:3)
  163 orcs
  A ball python (D:1)
  22 bats
  5 giant cockroaches
  3 gnoll zombies (Ossuary)
  20 goblins
  16 hobgoblins
  28 jackals
  15 quokkas
  3 giant newts
  2 goblin zombies (Ossuary)
  2 hobgoblin zombies (Ossuary)
  60 kobolds
  6 orc zombies
  24 rats
  A rat skeleton (D:4)
  A rat zombie (D:7)
  2 spectral orcs (Lair:4)
  2 ballistomycetes (D:10)
  A fungus (Lair:2)
1304 creatures vanquished.

Vanquished Creatures (collateral kills)
  A demonic crawler (Spider:2)
  A jumping spider (Spider:1)
  An efreet (D:15)
  3 redbacks
6 creatures vanquished.

Vanquished Creatures (others)
  A hydra (D:14)
  An ogre mage (Orc:4)
  5 drowned souls (Shoals:1)
  A jumping spider (Spider:2)
  An iron imp (D:9)
  A giant mite (Spider:2)
  A giant spore (D:10)
  26 butterflies (Spider:3)
  4 fungi (Lair:4)
  17 plants
58 creatures vanquished.

Grand Total: 1368 creatures vanquished

Notes
Turn   | Place    | Note
--------------------------------------------------------------
     0 | D:1      | Iskender, the Felid Chaos Knight, began the quest for the Orb.
     0 | D:1      | Reached XP level 1. HP: 10/10 MP: 2/2
    56 | D:1      | XOM: harmless Summ miscast
    61 | D:1      | Reached skill level 1 in Stealth
   128 | D:1      | XOM: divination: detect creatures
   153 | D:1      | Reached XP level 2. HP: 5/14 MP: 3/3
   260 | D:1      | XOM: silly message
   275 | D:1      | XOM: harmless Necr miscast
   377 | D:1      | XOM: divination: detect items
   522 | D:1      | XOM: enchant monster (bad)
   615 | D:1      | XOM: colour smoke trail
   633 | D:1      | Reached XP level 3. HP: 15/17 MP: 5/5
   838 | D:2      | Found a shimmering altar of Xom.
  1115 | D:2      | Reached skill level 4 in Unarmed Combat
  1245 | D:2      | Found a blossoming altar of Fedhas.
  1322 | D:2      | Reached XP level 4. HP: 14/21 MP: 7/7
  1375 | D:2      | XOM: noise
  1407 | D:3      | Found an ancient bone altar of Kikubaaqudgha.
  1569 | D:3      | XOM: vitrification
  1721 | D:3      | XOM: divination: magic mapping
  2057 | D:3      | Found a deep blue altar of Sif Muna.
  2167 | D:2      | Found a radiant altar of Vehumet.
  2177 | D:2      | Fell from the grace of Xom
  2177 | D:2      | Became a worshipper of Vehumet
  2281 | D:4      | Reached XP level 5. HP: 19/24 MP: 8/8
  2300 | D:4      | Found a blossoming altar of Fedhas.
  2358 | D:4      | Reached skill level 5 in Unarmed Combat
  2479 | D:5      | Entered Level 5 of the Dungeon
  2505 | D:4      | Noticed Prince Ribbit
  2645 | D:5      | Noticed an ice beast
  2792 | D:5      | Noticed an ogre
  2822 | D:5      | Killed an ogre
  2822 | D:5      | Reached skill level 6 in Stealth
  2822 | D:5      | Gained mutation: You are covered in thick fur (AC +2). [growing up]
  2822 | D:5      | Gained mutation: You can jump attack at a medium distance. [growing up]
  2822 | D:5      | Reached XP level 6. HP: 7/28 MP: 10/10
  2996 | D:5      | Noticed a centaur
  3059 | D:5      | Killed a centaur
  3059 | D:5      | Reached skill level 7 in Stealth
  3175 | D:4      | Noticed an ogre
  3209 | D:4      | Killed an ogre
  3209 | D:4      | Reached skill level 5 in Dodging
  3297 | D:4      | Noticed Natasha
  3372 | D:4      | Reached XP level 7. HP: 25/31 MP: 12/12
  3402 | D:4      | Acquired Vehumet's first power
  3402 | D:4      | Offered knowledge of Freeze by Vehumet.
  3405 | D:4      | Learned a level 1 spell: Freeze
  3466 | D:4      | XOM: summons 1 hostile demon
  3685 | D:5      | Reached skill level 1 in Spellcasting
  3761 | D:5      | XOM: summons 4 hostile demons
  3789 | D:5      | Reached skill level 1 in Ice Magic
  3961 | D:5      | Found a white marble altar of Elyvilon.
  4195 | D:5      | Killed an ice beast
  4269 | D:6      | XOM: noise
  4318 | D:6      | Noticed Pikel
  4383 | D:5      | Killed Pikel
  4383 | D:5      | Reached skill level 8 in Unarmed Combat
  4383 | D:5      | Reached XP level 8. HP: 34/34 MP: 16/16
  4434 | D:6      | Reached skill level 9 in Unarmed Combat
  4464 | D:6      | XOM: mild Ice miscast
  4551 | D:7      | Found a sand-covered staircase.
  4615 | Ossuary  | Entered an ossuary
  4708 | Ossuary  | XOM: draining
  4779 | Ossuary  | Offered knowledge of Searing Ray by Vehumet.
  4783 | Ossuary  | Learned a level 2 spell: Searing Ray
  4907 | Ossuary  | Reached skill level 1 in Conjurations
  5257 | D:7      | Reached XP level 9. HP: 33/37 MP: 10/18
  5692 | D:7      | HP: 1/37 [orc warrior/mace (16)]
  5813 | D:7      | XOM: confusion
  5938 | D:7      | Reached skill level 5 in Conjurations
  5992 | D:7      | Found a sparkling altar of Nemelex Xobeh.
  6076 | D:7      | Found a staircase to the Ecumenical Temple.
  6089 | D:7      | Offered knowledge of Conjure Flame by Vehumet.
  6094 | D:7      | Learned a level 3 spell: Conjure Flame
  6096 | Temple   | Entered the Ecumenical Temple
  6120 | D:7      | Found an iron altar of Okawaru.
  6606 | D:5      | Reached skill level 1 in Fire Magic
  6895 | D:4      | Killed Prince Ribbit
  6932 | D:4      | Acquired Vehumet's second power
  7033 | D:4      | Noticed an ogre
  7055 | D:4      | Killed an ogre
  7082 | D:4      | XOM: noise
  7100 | D:4      | Killed Natasha
  7116 | D:4      | Noticed Natasha
  7205 | D:4      | Killed Natasha
  7273 | D:4      | XOM: mild Divn miscast
  7483 | D:4      | Noticed Natasha
  7491 | D:4      | Killed Natasha
  7575 | D:7      | Offered knowledge of Iskenderun's Mystic Blast by Vehumet.
  7581 | D:7      | Learned a level 4 spell: Iskenderun's Mystic Blast
  7964 | D:8      | Noticed Edmund
  7999 | D:8      | Killed Edmund
  7999 | D:8      | Reached XP level 10. HP: 24/42 MP: 16/22
  8199 | D:7      | XOM: silly message
  8246 | D:8      | Acquired Vehumet's third power
  8266 | D:8      | XOM: divination: detect creatures
  8406 | D:8      | Found a glowing silver altar of Zin.
  8406 | D:8      | Found a basalt altar of Yredelemnul.
  8411 | D:8      | Offered knowledge of Dazzling Spray by Vehumet.
  8929 | D:9      | XOM: noise
  9277 | D:9      | Reached skill level 5 in Fire Magic
  9360 | D:9      | Found a snail-covered altar of Cheibriados.
  9483 | D:9      | Noticed a hill giant
  9491 | D:9      | Killed a hill giant
  9572 | D:9      | XOM: medium Chrm miscast
  9818 | D:9      | Found Khegh's Gadget Shoppe.
  9838 | D:9      | XOM: mild Summ miscast
  9946 | D:9      | Noticed an unseen horror
  9959 | D:9      | XOM: summons friendly iron imp
  9967 | D:9      | Killed an unseen horror
  9967 | D:9      | Reached XP level 11. HP: 45/45 MP: 7/23
  9997 | D:10     | Entered Level 10 of the Dungeon
 10009 | D:10     | Noticed a hill giant
 10061 | D:9      | XOM: medium Erth miscast
 10156 | D:10     | Offered knowledge of Sticky Flame by Vehumet.
 10161 | D:10     | Reached skill level 10 in Conjurations
 10267 | D:10     | Killed a hill giant
 10300 | D:10     | Learned a level 4 spell: Sticky Flame
 10742 | D:10     | Reached skill level 11 in Conjurations
 10887 | D:10     | Found a staircase to the Lair.
 10894 | Lair:1   | Entered Level 1 of the Lair of Beasts
 11124 | Lair:1   | Reached skill level 5 in Spellcasting
 11620 | Lair:2   | Learned a level 3 spell: Mephitic Cloud
 12226 | Lair:2   | XOM: noise
 12699 | Lair:2   | XOM: god gift: potion of agility
 12876 | Lair:3   | XOM: enchant monster (bad)
 13161 | Lair:3   | XOM: give mutations
 13161 | Lair:3   | Gained mutation: Your system is resistant to poisons. [Xom's mischief]
 13161 | Lair:3   | Gained mutation: You need consume almost no food. [Xom's mischief]
 13161 | Lair:3   | Gained mutation: You are frail (-10% HP). [Xom's mischief]
 13161 | Lair:3   | Gained mutation: You passively map a small area around you. [Xom's mischief]
 13314 | Lair:3   | Reached skill level 12 in Conjurations
 13314 | Lair:3   | Gained mutation: Your thick and shaggy fur keeps you warm (AC +3, rC+). [growing up]
 13314 | Lair:3   | Gained mutation: You can jump attack at a long distance. [growing up]
 13314 | Lair:3   | Reached XP level 12. HP: 27/43 MP: 22/27
 13459 | Lair:3   | XOM: summons 9 hostile demons
 13659 | Lair:4   | Offered knowledge of Bolt of Draining by Vehumet.
 13666 | Lair:4   | Learned a level 5 spell: Bolt of Draining
 13711 | Lair:4   | Noticed Nergalle
 13776 | Lair:4   | XOM: mild Trmt miscast
 13956 | Lair:4   | Reached skill level 1 in Necromancy
 14302 | Lair:4   | XOM: give mutations
 14302 | Lair:4   | Lost mutation: You need consume almost no food. [Xom's mischief]
 14302 | Lair:4   | Gained mutation: You are clumsy. (Dex -2) [Xom's mischief]
 14302 | Lair:4   | Gained mutation: Your body is misshapen. [Xom's mischief]
 14302 | Lair:4   | Lost mutation: You passively map a small area around you. [Xom's mischief]
 14362 | Lair:4   | XOM: medium Necr miscast
 14362 | Lair:4   | Was forgiven by Xom
 14545 | Lair:4   | Killed Nergalle
 14645 | Lair:4   | Found a staircase to the Shoals.
 14985 | Lair:5   | Noticed a four-headed hydra
 15007 | Lair:5   | Killed a four-headed hydra
 15440 | Lair:5   | Offered knowledge of Ignite Poison by Vehumet.
 15630 | Lair:5   | Noticed a five-headed hydra
 15646 | Lair:5   | Killed a five-headed hydra
 15780 | Lair:5   | Reached skill level 10 in Dodging
 16114 | Lair:5   | Reached XP level 13. HP: 34/45 MP: 6/31
 16338 | Lair:6   | Found a staircase to the Slime Pits.
 16527 | Lair:6   | Upgraded the game from 0.14.1-19-g9964f44 to 0.14.1-21-g36cd379
 16642 | Lair:6   | Found a shadowy altar of Dithmenos.
 16754 | Lair:6   | Found a hole to the Spider Nest.
 17225 | Lair:7   | Found a labyrinth entrance.
 17237 | Lab      | Entered a labyrinth
 17586 | Lab      | Got a brightly glowing tin ring
 17586 | Lab      | Identified Pleonus' Reference Book on Talismans
 17601 | Lab      | Learned a level 2 spell: Swiftness
 17606 | Lair:7   | You fall through a shaft!
 17606 | Lair:8   | Entered Level 8 of the Lair of Beasts
 17635 | Lair:7   | Learned a level 1 spell: Apportation
 17672 | Lair:7   | Reached skill level 1 in Air Magic
 17826 | Lair:7   | Learned a level 2 spell: Repel Missiles
 17845 | Lair:7   | Reached skill level 13 in Conjurations
 17851 | Lair:7   | Learned a level 2 spell: Shroud of Golubria
 17972 | Lair:7   | Reached skill level 1 in Translocations
 18012 | Lair:7   | Reached skill level 1 in Charms
 18124 | Lair:7   | Identified the ring of Donn {Hunger- Str-4 Dex-3} (You found it in a labyrinth)
 18740 | Lair:7   | Offered knowledge of Venom Bolt by Vehumet.
 20152 | Lair:8   | Offered knowledge of Poison Arrow by Vehumet.
 20302 | Lair:8   | Reached XP level 14. HP: 49/49 MP: 19/33
 20395 | Lair:8   | Reached skill level 10 in Fire Magic
 21964 | D:11     | Offered knowledge of Bolt of Fire by Vehumet.
 22195 | D:11     | Found a staircase to the Orcish Mines.
 22684 | D:11     | Reached skill level 14 in Conjurations
 22746 | D:11     | Identified Lehudib's Handbook of Conjuration and Lightness
 22764 | D:11     | Learned a level 6 spell: Bolt of Fire
 23540 | D:13     | Identified the Guide on Fiery Conjuration
 23916 | D:13     | Found a gate to the Vaults.
 24148 | D:13     | Offered knowledge of Delayed Fireball by Vehumet.
 24604 | D:14     | Reached XP level 15. HP: 52/52 MP: 13/34
 24873 | D:14     | Noticed Josephine
 24880 | D:14     | Killed Josephine
 25210 | D:15     | Entered Level 15 of the Dungeon
 25700 | D:15     | Found a white marble altar of Elyvilon.
 25871 | D:15     | Found a staircase to the Depths.
 25992 | D:15     | Offered knowledge of Lehudib's Crystal Spear by Vehumet.
 25992 | D:15     | Offered knowledge of Fire Storm by Vehumet.
 25992 | D:15     | Offered knowledge of Chain Lightning by Vehumet.
 26834 | Lair:2   | Identified a scroll of acquirement
 26861 | Lair:2   | Got a slimy silver ring
 26952 | Shoals:1 | Entered Level 1 of the Shoals
 26993 | Shoals:1 | Found a flickering gateway to a bazaar.
 27007 | Bazaar   | Entered a bazaar
 27008 | Bazaar   | Found Fyroloz's Food Shoppe.
 27022 | Bazaar   | Found Leurhaz Mne's Weapon Shoppe.
 27031 | Bazaar   | Found Sunwell's Book Emporium.
 27034 | Bazaar   | Found Owul's General Store.
 27042 | Bazaar   | Found Odaesida's Book Boutique.
 27080 | Bazaar   | Bought a book of the Warp for 1260 gold pieces
 27482 | Shoals:1 | Identified the ring "Pluez" {+Fly SInv Stlth} (You acquired it on level 2 of the Lair of Beasts)
 27601 | Shoals:1 | Reached skill level 5 in Translocations
 27845 | Shoals:1 | Killed from afar by a merfolk aquamancer
 27846 | Shoals:1 | Reached XP level 14. HP: -5/49 MP: 3/33
 28361 | Orc:1    | Entered Level 1 of the Orcish Mines
 28549 | Orc:1    | Found a flagged portal.
 28592 | Bailey   | Entered a bailey
 28622 | Bailey   | Noticed bernadottes' ghost (experienced TrCK)
 28644 | Bailey   | Killed bernadottes' ghost
 28781 | Bailey   | Found a bloodstained altar of Trog.
 29121 | Orc:1    | Found a bloodstained altar of Trog.
 29560 | Orc:2    | Found Klariek's Antique Armour Shop.
 29985 | Orc:3    | Found a staircase to the Elven Halls.
 30630 | Orc:4    | Entered Level 4 of the Orcish Mines
 30632 | Orc:4    | Noticed Snorg
 30754 | Orc:4    | Killed Snorg
 30887 | Orc:4    | Found Kenli's Food Shop.
 31167 | Orc:4    | Mangled by a two-headed ogre
 31168 | Orc:4    | Reached XP level 13. HP: -13/45 MP: 24/32
 31211 | Orc:4    | Reached XP level 14. HP: 49/49 MP: 29/33
 31563 | Orc:4    | Found Bashrenka's Book Emporium.
 31564 | Orc:4    | Found Luemmaag's Gadget Boutique.
 31564 | Orc:4    | Found Epoc's Food Shoppe.
 31564 | Orc:4    | Found Xeofargh's Assorted Antiques.
 31594 | Orc:4    | Bought a book of Party Tricks for 650 gold pieces
 31597 | Orc:4    | Bought a brown potion for 25 gold pieces
 31605 | Orc:4    | Learned a level 1 spell: Summon Butterflies
 31608 | Orc:4    | Learned a level 2 spell: Blink
 31919 | Orc:4    | Bought a scroll of identify for 56 gold pieces
 32159 | Spider:1 | Entered Level 1 of the Spider Nest
 33365 | Spider:1 | Reached skill level 15 in Fire Magic
 34185 | Spider:3 | Noticed an emperor scorpion
 34345 | Spider:3 | Killed an emperor scorpion
 35205 | Spider:3 | Reached skill level 15 in Conjurations
 35370 | Spider:3 | Slain by a jumping spider

Action                   |  1- 3 |  4- 6 |  7- 9 | 10-12 | 13-15 || total
-------------------------+-------+-------+-------+-------+-------++-------
Melee: Unarmed           |   134 |   174 |   465 |   649 |  1263 ||  2685
 Cast: Freeze            |       |       |    27 |       |       ||    27
       Searing Ray       |       |       |    44 |   123 |   163 ||   330
       Conjure Flame     |       |       |     3 |    59 |    25 ||    87
       Iskenderun's Myst |       |       |     3 |    20 |       ||    23
       Sticky Flame      |       |       |       |    53 |   226 ||   279
       Mephitic Cloud    |       |       |       |     3 |    13 ||    16
       Bolt of Draining  |       |       |       |    30 |    66 ||    96
       Shroud of Golubri |       |       |       |       |    66 ||    66
       Bolt of Fire      |       |       |       |       |   278 ||   278
       Repel Missiles    |       |       |       |       |    11 ||    11
       Swiftness         |       |       |       |       |     1 ||     1
       Apportation       |       |       |       |       |    78 ||    78
       Summon Butterflie |       |       |       |       |    19 ||    19
       Blink             |       |       |       |       |     8 ||     8
 Abil: Jump Attack       |       |     1 |     4 |       |    11 ||    16
       Evoke Flight      |       |       |       |       |    10 ||    10
Evoke: Wand              |       |       |    11 |    10 |    33 ||    54
       Stone of tremors  |       |       |       |       |     2 ||     2
  Use: Scroll            |       |     8 |     7 |     9 |    29 ||    53
       Potion            |       |     3 |     2 |     4 |    17 ||    26
 Stab: Sleeping          |     6 |    13 |     9 |    13 |    20 ||    61
       Paralysed         |       |       |    13 |       |       ||    13
       Distracted        |       |       |     1 |     1 |     2 ||     4
       Fleeing           |       |       |       |     1 |       ||     1
       Invisible         |       |       |       |       |     1 ||     1
       Confused          |       |       |       |       |     4 ||     4
